 Dungeon Crawl Stone Soup version 0.29.0-7-g18a832c13a (console) character file.

Game seed: 2438445910943069516

3138 jejorda2 the Slicer (level 9, -1/50 HPs)
             Began as a Vine Stalker Berserker on Aug 31, 2022.
             Was an Elder of Trog.
             Succumbed to an orc wizard's poison
             ... on level 7 of the Dungeon.
             The game lasted 00:17:43 (6347 turns).

jejorda2 the Slicer (Vine Stalker Berserker)        Turns: 6347, Time: 00:17:44

Health: -1/50      AC: 17    Str: 30    XL:     9   Next: 92%
Magic:  8/10       EV:  8    Int:  7    God:    Trog [****..]
Gold:   327        SH:  0    Dex: 14    Spells: 8/8 levels left

rFire   . . .      SeeInvis .   a - +0 dagger
rCold   . . .      Faith    .   (no shield)
rNeg    . . .      Spirit   +   f - +0 plate armour
rPois   .          Reflect  .   y - +1 helmet
rElec   .          Harm     .   (no cloak)
rCorr   .          Rampage  .   h - +0 pair of gloves
Will    +....                   A - +2 pair of boots
Stlth   ..........              v - amulet of magic regeneration
HPRegen 0.96/turn               w - +6 ring of strength
MPRegen 0.52/turn               (no ring)

@: lethally poisoned (-1 -> -7), on berserk cooldown, slowed, very slow
A: fangs 3, regeneration 1, magic shield, antimagic bite, no potion heal 2
a: Renounce Religion, Berserk, Trog's Hand, Brothers in Arms


You were on level 7 of the Dungeon.
You worshipped Trog.
Trog was greatly pleased with you.
You visited 1 branch of the dungeon, and saw 7 of its levels.
You also visited: Sewer.

You collected 397 gold pieces.
You spent 70 gold pieces at shops.

Inventory:

Hand Weapons
 a - a +0 dagger (weapon)
Missiles
 j - a throwing net
 n - 37 stones
 o - 23 poisoned darts (quivered)
 s - 3 curare-tipped darts
 x - a boomerang
Armour
 f - a +0 plate armour (worn)
 h - a +0 pair of gloves (worn)
 y - a +1 helmet (worn)
 z - a +0 buckler
 A - a +2 pair of boots (worn)
 B - a +1 ring mail of fire resistance
Jewellery
 l - a ring of ice
 v - an amulet of magic regeneration (around neck)
 w - a +6 ring of strength (left hand)
Wands
 c - a wand of flame (24)
 g - a wand of polymorph (7)
 r - a wand of quicksilver (17)
 u - a wand of roots (11)
Scrolls
 k - a scroll of blinking
 m - 6 scrolls of teleportation
 p - 3 scrolls of fog
 t - a scroll of fear
Potions
 b - a potion of attraction
 d - a potion of cancellation
 e - 4 potions of curing
 i - 2 potions of haste
 q - a potion of mutation


   Skills:
 - Level 7.0 Fighting
 - Level 10.0 Short Blades
 + Level 3.3 Armour
 - Level 1.5 Dodging
 + Level 3.0 Evocations


You had 8 spell levels left.
You didn't know any spells.
Your spell library was empty.

Dungeon Overview and Level Annotations

Branches:
Dungeon (7/15)             Temple (0/1) D:7           Sewer (visited)

Altars:
Kikubaaqudgha
Yredelemnul

Shops:
D:3 ?


Innate Abilities, Weirdness & Mutations

You have razor-sharp teeth.
Your natural rate of healing is unusually fast.
When hurt, damage is shared between your health and your magic reserves.
Your bite disrupts and absorbs the magic of your enemies.
Potions cannot restore your health.


Message History

The iguana is moderately wounded.
You feel sick.
You puncture the iguana!
The iguana is almost dead.
A kobold comes into view. It is wielding a +0 club.
Something hits you but does no damage.
The iguana bites you but does no damage.
The orc barely misses you.
You closely miss the iguana.
The iguana is almost dead.
You feel sick.
You hit the iguana.
You kill the iguana!
Trog accepts your kill. The gnoll hits you but does no damage.
You feel sick. Something hits you but does no damage.
You are more poisoned.
You closely miss the orc.
The orc is moderately wounded.
You feel sick.
You hit the orc. You bite the orc.
You kill the orc!
Trog accepts your kill.
You feel sick. Something hits you but does no damage.
You are lethally poisoned!
You are too berserk!
Unknown command.
You are too berserk!
Unknown command.
* * * LOW HITPOINT WARNING * * *
You feel very sick.
You feel a strong urge to attack something.
* * * LOW HITPOINT WARNING * * *
You feel very sick.
* * * LOW HITPOINT WARNING * * *
You feel sick.
You feel your anger nearly subside.
You are no longer berserk.
You are exhausted.
You feel yourself slow down.
You die...

....... .....[
....... ......#
...K... ......#
...g... ##.)....#
....... ........#
......g######........
.....Ko)gg.##.#...#
####.g))#......#.#
#..##...#@.##..# #.
####..##..#...
.#..####..## ..#...
..........###......
....#...>..#..#...
#...#............
##..##.##...###. .+
....## ##.## .#
#..###..#


You could see 3 gnolls.

Vanquished Creatures
  Pikel (D:6)
  Grinder (D:6)
  Menkaure (D:7)
  2 water moccasins (D:6)
  A sky beast (D:6)
  An ice beast (D:5)
  An ogre (D:5)
  2 lemures (D:6)
  2 bullfrogs
  A necrophage (D:4)
  A gnoll sergeant (D:7)
  5 scorpions
  5 wights
  A howler monkey (D:5)
  2 hounds
  A jelly (D:4)
  An orc priest (D:4)
  3 iguanas
  6 orc wizards
  7 adders
  15 gnolls
  2 white imps (D:6)
  2 ufetubi
  A worm (D:3)
  4 dart slugs
  21 orcs
  7 ball pythons
  3 endoplasms
  17 giant cockroaches
  6 hobgoblins
  6 jackals (D:1)
  11 kobolds
  9 quokkas
  5 bats (D:1)
  12 frilled lizards
  10 goblins
  8 rats
184 creatures vanquished.

Vanquished Creatures (collateral kills)
  Joseph (D:7)
1 creature vanquished.

Grand Total: 185 creatures vanquished

Notes
Turn   | Place    | Note
-------+----------+-------------------------------------------
     0 | D:1      | jejorda2 the Vine Stalker Berserker began the quest for the
                  | Orb.
     0 | D:1      | Reached XP level 1. HP: 11/11 MP: 2/2
    74 | D:1      | Reached skill level 3 in Short Blades
    75 | D:1      | Reached XP level 2. HP: 16/16 MP: 3/3
   502 | D:1      | Reached XP level 3. HP: 20/20 MP: 4/4
   638 | D:1      | Reached ** piety under Trog
   886 | D:1      | Found a faded altar of an unknown god.
  1529 | D:2      | Gained mutation: Your natural rate of healing is unusually
                  | fast. [Vine Stalker growth]
  1529 | D:2      | Reached XP level 4. HP: 24/24 MP: 3/5
  1663 | D:2      | Reached skill level 4 in Short Blades
  2305 | D:3      | Reached XP level 5. HP: 28/28 MP: 3/6
  2465 | D:3      | Found Ligow's Magic Scroll Boutique.
  2471 | D:3      | Bought a scroll of fog for 40 gold pieces
  2471 | D:3      | Bought a scroll of teleportation for 30 gold pieces
  2712 | D:3      | Reached *** piety under Trog
  3087 | D:4      | Reached skill level 5 in Short Blades
  3088 | D:4      | Reached XP level 6. HP: 33/33 MP: 7/7
  3854 | D:4      | Found a basalt altar of Yredelemnul.
  4071 | D:4      | Found an ancient bone altar of Kikubaaqudgha.
  4132 | D:5      | Entered Level 5 of the Dungeon
  4334 | D:5      | Noticed an ice beast
  4336 | D:5      | Reached XP level 7. HP: 38/38 MP: 8/8
  4342 | D:5      | Reached skill level 6 in Short Blades
  4691 | D:5      | Reached skill level 5 in Fighting
  4772 | D:6      | Noticed Pikel
  4806 | D:6      | Killed Pikel
  4807 | D:6      | Reached skill level 7 in Short Blades
  4807 | D:6      | Gained mutation: You have razor-sharp teeth. [Vine Stalker
                  | growth]
  4807 | D:6      | Reached XP level 8. HP: 44/44 MP: 9/9
  4853 | D:6      | Reached skill level 8 in Short Blades
  4929 | D:6      | Found a glowing drain.
  4942 | Sewer    | Entered a sewer
  5178 | Sewer    | Reached **** piety under Trog
  5469 | D:6      | Reached XP level 9. HP: 45/49 MP: 8/10
  5482 | D:6      | Reached skill level 9 in Short Blades
  5739 | D:6      | Noticed Grinder
  5758 | D:6      | Killed Grinder
  5953 | D:6      | Reached skill level 10 in Short Blades
  6252 | D:7      | Noticed Joseph
  6258 | D:7      | Reached skill level 1 in Evocations
  6280 | D:7      | HP: 2/50 [Joseph/+0 quarterstaff (8)]
  6284 | D:7      | Killed Joseph
  6304 | D:7      | Found a staircase to the Ecumenical Temple.
  6312 | D:7      | Noticed Menkaure
  6324 | D:7      | Killed Menkaure
  6345 | D:7      | HP: 2/75 [poisoned by an orc wizard]
  6347 | D:7      | Succumbed to an orc wizard's poison

Illustrated notes

Levels and vault maps discovered:
D:1:      kilobyte_arrival_exit_the_forest, layout_basic, basic_ecumenical_altar
D:2:      layout_basic, grunt_ministairs_15, serial_bayou_pond_e,
          minmay_distorted
D:3:      layout_loops_ring, serial_shops, shop_scrolls, serial_park_tiny_2
D:4:      layout_basic, kennysheep_little_box, mainiacjoe_overflow_alcove_4
D:5:      layout_rooms, minmay_misc_feat_iff, hangedman_decor_riveting
D:6:      layout_loops_cross, gup_sewer_entry_pipe,
          chequers_serial_rivers_micro_d, uniq_grinder, uniq_pikel
D:7:      layout_basic, minmay_temple_entry_wispy, enter_bailey_4,
          kennysheep_generic_room_8, uniq_joseph, uniq_menkaure

Skill      XL: |  1  2  3  4  5  6  7  8  9 |
---------------+----------------------------+-----
Short Blades   | 3 4 5 7 8 10 | 10.0
Fighting       | 3 4 5 6 7 |  7.0
Armour         | 3 |  3.3
Evocations     | 3 |  3.0
Dodging        | |  1.5

Action                   |  1- 3 |  4- 6 |  7- 9 || total
-------------------------+-------+-------+-------++-------
Melee: Short sword       |    16 |       |       ||    16
       Bite              |    25 |    61 |   128 ||   214
       Dagger            |    91 |   227 |   378 ||   696
       Punch             |     3 |     3 |     3 ||     9
Throw: Dart              |       |       |     2 ||     2
Invok: Berserk           |     2 |     6 |     9 ||    17
       Trog's Hand       |       |       |     4 ||     4
       Brothers in Arms  |       |       |     1 ||     1
  Use: Scroll            |       |    14 |     2 ||    16
 Stab: Sleeping          |     2 |       |       ||     2
Armor: Animal skin       |     2 |       |       ||     2
       Ring mail         |    27 |     2 |       ||    29
       Scale mail        |       |    60 |     6 ||    66
       Plate armour      |       |       |   151 ||   151
Dodge: Dodged            |    60 |    96 |    73 ||   229
